 Dungeon Crawl Stone Soup version 0.21.0-3-g78d12a8 (webtiles) character file.

109 MTVSty1e the Chopper (level 4, 0/38 HPs)
             Began as a Draconian Berserker on Jan 10, 2018.
             Was a Believer of Trog.
             Slain by a gnoll (7 damage)
             ... on level 4 of the Dungeon.
             The game lasted 00:02:43 (2192 turns).

MTVSty1e the Chopper (Draconian Berserker)          Turns: 2192, Time: 00:02:45

Health: 0/38       AC:  8    Str: 20    XL:     4   Next: 59%
Magic:  13/13      EV: 11    Int:  8    God:    Trog [**....]
Gold:   178        SH:  3    Dex: 10    Spells: 3/3 levels left

rFire    . . .     SeeInvis .   a - +0 hand axe
rCold    . . .     Gourm    .   m - +0 buckler
rNeg     . . .     Faith    .   (armour unavailable)
rPois    .         Spirit   .   (helmet restricted)
rElec    .         Reflect  .   (no cloak)
rCorr    .         Harm     .   (no gloves)
MR       .....                  o - +2 pair of boots
Stlth    +.........             (no amulet)
HPRegen  0.12/turn              r - ring of magical power
MPRegen  0.13/turn              (no ring)

@: no status effects
A: unfitting armour, cold-blooded, AC +5
a: Berserk, Trog's Hand, Burn Spellbooks, Renounce Religion


You were on level 4 of the Dungeon.
You worshipped Trog.
Trog was pleased with you.
You were not hungry.

You visited 1 branch of the dungeon, and saw 4 of its levels.

You collected 178 gold pieces.

Inventory:

Hand Weapons
 a - a +0 hand axe (weapon)
Armour
 m - a +0 buckler (worn)
 o - a +2 pair of boots (worn)
Jewellery
 r - a ring of magical power (left hand)
Scrolls
 f - a scroll of fear {unknown}
 g - 2 scrolls of identify {unknown}
 h - 2 scrolls of remove curse {unknown}
 i - 2 scrolls of enchant armour {unknown}
 j - a scroll of blinking {unknown}
 l - a scroll of teleportation {unknown}
 n - 2 scrolls of immolation {unknown}
Potions
 c - 3 potions of heal wounds {unknown}
 d - a potion of cancellation {unknown}
 e - 4 potions of curing {unknown}
 k - 3 potions of might {unknown}
 p - a potion of agility {unknown}
 q - a potion of haste {unknown}
 s - 3 potions of lignification {unknown}
 t - 2 potions of berserk rage {unknown}
Comestibles
 b - 5 rations


   Skills:
 - Level 3.2 Fighting
 * Level 5.4 Axes
 - Level 2.6 Dodging


You had 3 spell levels left.
You didn't know any spells.

Dungeon Overview and Level Annotations

Branches:
Dungeon (4/15)
 Temple: D:4-7

Altars:
Fedhas


Innate Abilities, Weirdness & Mutations

Your plain brown scales are hard. (AC +5)
You cannot fit into any form of body armour.
You are cold-blooded and may be slowed by cold attacks.


Message History

The gnoll hits you.
You barely miss the gnoll. You tail-slap the gnoll.
The gnoll is almost dead.
The gnoll barely misses you.
You slash the gnoll!
You kill the gnoll!
Trog accepts your kill.
The gnoll throws a throwing net.
The throwing net hits you.
You become entangled in the net!
You struggle against the net.
You tear a large gash into the net.
The gnoll hits you.
You rip the net and break free!
The gnoll hits you.
You hit the gnoll.
The gnoll is lightly wounded.
The gnoll hits you.
* * * LOW HITPOINT WARNING * * *
You hit the gnoll.
The gnoll is heavily wounded.
The gnoll hits you!
You die...

#.# #.# #.#
######.#####
#.......<..#
#.####.###.#
##.## #.# #.#
#.#######...###.#
#.#
#....g@.........#
#.#
#.#######...#####
#.# ##.## #.# #.#
#.# #.# #.#
#.########.#
#..........#
############


You could see a gnoll.

Vanquished Creatures
  3 gnolls (D:4)
  3 adders
  3 leopard geckos (D:2)
  3 giant cockroaches
  7 goblins
  6 hobgoblins
  2 quokkas (D:2)
  8 bats
  4 frilled lizards
  6 kobolds
  4 rats
49 creatures vanquished.

Notes
Turn   | Place    | Note
-------+----------+-------------------------------------------
     0 | D:1      | MTVSty1e the Draconian Berserker began the quest for the Orb.
     0 | D:1      | Reached XP level 1. HP: 19/19 MP: 1/1
   114 | D:1      | Reached XP level 2. HP: 21/26 MP: 2/2
   423 | D:1      | You fall through a shaft!
   608 | D:2      | Reached skill level 4 in Axes
   909 | D:2      | Reached XP level 3. HP: 20/31 MP: 3/3
  1152 | D:2      | Found a blossoming altar of Fedhas.
  1382 | D:1      | Reached ** piety under Trog
  1859 | D:3      | Reached skill level 5 in Axes
  1859 | D:3      | Reached XP level 4. HP: 38/38 MP: 4/4
  2192 | D:4      | Slain by a gnoll

Skill      XL: |  1  2  3 |
---------------+----------+-----
Axes           | 4 5 |  5.4
Fighting       | |  3.2
Dodging        | |  2.6

Action                   |  1- 3 |  4- 6 || total
-------------------------+-------+-------++-------
Melee: Hand axe          |   144 |    41 ||   185
       Tailslap          |     8 |     3 ||    11
Invok: Burn Spellbooks   |       |     1 ||     1
  Eat: Ration            |     1 |       ||     1
       Chunk             |     1 |       ||     1
Armor: Skin              |    48 |     9 ||    57
Dodge: Dodged            |    97 |    16 ||   113
Block: Buckler           |     5 |     6 ||    11
